 Dungeon Crawl Stone Soup version 0.30-a0-778-g2ef04afb54 (webtiles) character file.

Game seed: 12980709667563508734

98 NotreDorf the Magician (level 4, -5/34 HPs)
             Began as a Mummy Reaver on Feb 17, 2023.
             Slain by Grinder (6 damage)
             ... while paralysed by Grinder
             ... on level 3 of the Dungeon.
             The game lasted 00:07:48 (2324 turns).

NotreDorf the Magician (Mummy Reaver)               Turns: 2324, Time: 00:07:49

Health: -5/34      AC:  3    Str: 17    XL:     4   Next: 43%
Magic:  9/9        EV:  2    Int: 12    God:
Gold:   66         SH:  0    Dex: 10    Spells: 9/10 levels left

rFire   x . .      SeeInvis .    e - +1 dagger (venom)
rCold   + . .      Faith    +    (no shield)
rNeg    + + +      Spirit   .    b - +0 leather armour
rPois   ∞          Reflect  .    (no helmet)
rElec   .          Harm     .    (no cloak)
rCorr   .          Rampage  .    (no gloves)
Will    .....                    (no boots)
Stlth   +                        (no amulet)
HPRegen 0.25/turn                (no ring)
MPRegen 0.11/turn                (no ring)

@: paralysed
A: cold resistance 1, negative energy resistance 3, torment resistance 2, heat
vulnerability 1, in touch with death 1, no potions, faith
a: no special abilities


You were on level 3 of the Dungeon.
You visited 1 branch of the dungeon, and saw 3 of its levels.

You collected 66 gold pieces.

Inventory:

Hand Weapons
 a - a +0 falchion
 e - a +1 dagger of venom (weapon)
Missiles
 c - a poisoned dart (quivered)
Armour
 b - a +0 leather armour (worn)
Scrolls
 d - 3 scrolls of identify {unknown}
 f - 3 scrolls of teleportation {unknown}
 g - 2 scrolls of immolation {unknown}
 h - a scroll of blinking {unknown}
 i - a scroll of silence {unknown}
 j - a scroll of poison {unknown}


   Skills:
 + Level 2.6 Fighting
 + Level 2.9 Long Blades
 + Level 1.3 Armour
 - Level 1.5 Dodging
 + Level 3.5 Spellcasting
 - Level 2.4 Conjurations
 + Level 1.5 Necromancy


You had 9 spell levels left.
You knew the following spells:

 Your Spells              Type           Power      Damage    Failure   Level
a - Kiss of Death         Conj/Necr      40%        2d8       12%         1

Your spell library contained the following spells:

 Spells                   Type           Power      Damage    Failure   Level
 Momentum Strike          Conj/Tloc      10%        3d8       26%         2
 Hailstorm                Conj/Ice       5%         3d4       45%         3


Dungeon Overview and Level Annotations

Branches:
Dungeon (3/15)

Altars:

Shops:
D:1 !(   D:2 !

Annotations:
D:3 Grinder


Innate Abilities, Weirdness & Mutations

You are immune to poison.
Your flesh is cold resistant. (rC+)
You are immune to negative energy. (rN+++)
You are immune to unholy pain and torment.
You are vulnerable to heat. (rF-)
You are in touch with the powers of death.
You do not drink.
You have a special connection with the divine. (Faith)


Message History

You closely miss Grinder.
Grinder is lightly wounded.
You barely miss Grinder.
Grinder is lightly wounded.
Grinder says, "DUCK!"
Grinder closely misses you.
You hit Grinder but do no damage.
Grinder is lightly wounded.
Grinder says, "Mostly I couldn't keep them alive."
Grinder barely misses you.
You hit Grinder.
Grinder is lightly wounded.
Grinder hits you.
* * * LOW HITPOINT WARNING * * *
You hit Grinder.
Grinder is lightly wounded.
Grinder rolls her eyes.
Grinder hits you.
* * * LOW HITPOINT WARNING * * *
You hit Grinder.
Grinder is lightly wounded.
Grinder gestures at you. You resist with significant effort.
You hit Grinder but do no damage.
Grinder is poisoned.
Grinder is lightly wounded.
Grinder closely misses you.
You hit Grinder.
Grinder is moderately wounded.
Grinder hits you.
* * * LOW HITPOINT WARNING * * *
You hit Grinder.
Grinder is moderately wounded.
Grinder closely misses you.
You hit Grinder but do no damage.
Grinder looks even sicker.
Grinder is moderately wounded.
Grinder says, "DUCK!"
Grinder gestures at you.
You suddenly lose the ability to move!
Grinder hits you.
You die...

#
.####.####
.....l5@>#
.#######.#
# #.# ##
#.# .# #.#
.### #.#
...## #.#
##..## #.#
##..## #.#


You could see Grinder (very poisoned) and a frilled lizard.

Vanquished Creatures
  3 gnolls (D:2)
  An adder (D:2)
  A worm (D:1)
  A dart slug (D:1)
  2 ball pythons (D:1)
  2 bats (D:1)
  6 endoplasms
  3 giant cockroaches (D:1)
  5 goblins
  6 hobgoblins (D:1)
  8 jackals
  3 kobolds
  A quokka (D:2)
  A frilled lizard (D:1)
  5 rats
48 creatures vanquished.

Notes
Turn   | Place    | Note
-------+----------+-------------------------------------------
     0 | D:1      | NotreDorf the Mummy Reaver began the quest for the Orb.
     0 | D:1      | Reached XP level 1. HP: 16/16 MP: 4/4
   221 | D:1      | Reached XP level 2. HP: 20/22 MP: 5/5
   327 | D:1      | Reached skill level 3 in Spellcasting
   443 | D:1      | Found Areyclon's Distillery.
   485 | D:1      | Reached skill level 1 in Necromancy
   513 | D:1      | Gained mutation: You are in touch with the powers of death.
                  | [Mummy growth]
   513 | D:1      | Reached XP level 3. HP: 28/28 MP: 7/7
   717 | D:1      | Found Duhepp's Weapon Shop.
  1266 | D:2      | Reached skill level 1 in Armour
  1441 | D:2      | Reached XP level 4. HP: 10/34 MP: 9/9
  1999 | D:2      | Found Ivarox's Distillery.
  2307 | D:3      | Noticed Grinder
  2321 | D:3      | HP: 1/34 [Grinder (6)]
  2323 | D:3      | Paralysed by Grinder for 2 turns
  2324 | D:3      | Slain by Grinder

Illustrated notes

Levels and vault maps discovered:
D:1:      onia_arrival_mini_maze, layout_loops_corners, serial_shops, shop, shop
D:2:      layout_basic, serial_shops, nicolae_shop_behind_doors,
          nicolae_eternal_life
D:3:      layout_basic, mainiacjoe_overflow_brackets, minmay_surrounded,
          uniq_grinder

Skill      XL: |  1  2  3 |
---------------+----------+-----
Spellcasting   | 3 |  3.5
Necromancy     | 1 |  1.5
Armour         | 1 |  1.3
Fighting       | |  2.6
Long Blades    | |  2.9
Dodging        | |  1.5
Conjurations   | |  2.4

Action                     |  1- 3 |  4- 6 || total
---------------------------+-------+-------++-------
  Melee: Falchion          |    19 |       ||    19
         Dagger            |   112 |    51 ||   163
  Throw: Dart              |       |     2 ||     2
 Armour: Leather armour    |    35 |     8 ||    43
  Dodge: Dodged            |    70 |    22 ||    92

Table legend: (Time is in decaauts)
 A = Elapsed time spent in this place.
 B = Non-inter-level travel time spent in this place.
 C = Inter-level travel time spent in this place.
 D = Time resting spent in this place.
 E = Time spent auto-exploring this place.
 F = Levels seen in this place.
 G = Mean time per level.
                   A        B        C        D        E       F      G
               +--------+--------+--------+--------+--------+-----+--------+
         Total |   2315 |   2163 |    152 |      0 |   1743 |   3 |  771.7 |
       Dungeon |   2315 |   2163 |    152 |      0 |   1743 |   3 |  771.7 |
               +--------+--------+--------+--------+--------+-----+--------+

Top non-repeatable levels by time:
     D:1: 1292 daAuts
     D:2: 896 daAuts
     D:3: 126 daAuts
